 Dungeon Crawl Stone Soup version 0.30-a0-711-gf4ac18a38d (webtiles) character file.

Game seed: 17600831995892854463

840 ASSMAN the Skirmisher (level 8, -7/63 HPs)
             Began as a Gnoll Hunter on Jan 23, 2023.
             Was a Follower of Okawaru.
             Killed by nerve-wracking pain
             ... invoked by a shadow imp
              (10 damage)
             ... on level 5 of the Dungeon.
             The game lasted 00:04:09 (3211 turns).

ASSMAN the Skirmisher (Gnoll Hunter)                Turns: 3211, Time: 00:04:09

Health: -7/63      AC:  4    Str: 10    XL:     8   Next: 0%
Magic:  12/12      EV: 14    Int:  8    God:    Okawaru [*.....]
Gold:   233        SH:  0    Dex: 19    Spells: 13/13 levels left

rFire   . . .      SeeInvis .    a - +0 shortbow
rCold   . . .      Faith    .    (shield currently unavailable)
rNeg    . . .      Spirit   .    c - +0 leather armour
rPois   .          Reflect  .    (no helmet)
rElec   .          Harm     .    (no cloak)
rCorr   .          Rampage  .    j - +0 pair of gloves
Will    .....                    (no boots)
Stlth   +++                      (no amulet)
HPRegen 0.30/turn                (no ring)
MPRegen 0.13/turn                (no ring)

@: brilliant, on berserk cooldown, slowed, very slow
A: fangs 1, strong nose, distributed training
a: Renounce Religion, Heroism


You were on level 5 of the Dungeon.
You worshipped Okawaru.
Okawaru was aware of your devotion.
You visited 1 branch of the dungeon, and saw 5 of its levels.

You collected 233 gold pieces.

Inventory:

Hand Weapons
 a - a +0 shortbow (weapon)
Armour
 c - a +0 leather armour (worn)
 j - a +0 pair of gloves (worn)
Jewellery
 p - a ring of resist corrosion
 q - the amulet of Sipla {Spirit rC- rN+ Str+3 Dex+3}
   (You took it off an orc on level 3 of the Dungeon)

   [amulet of guardian spirit]

   It causes incoming damage to be divided between your reserves of health and
   magic.
   Str:       It affects your strength (+3).
   Dex:       It affects your dexterity (+3).
   rC:        It makes you vulnerable to cold.
   rN:        It protects you from negative energy.
Scrolls
 b - a scroll of immolation
 d - a scroll of enchant weapon {unknown}
 e - a scroll of fog {unknown}
 h - a scroll of fear {unknown}
 k - a scroll of vulnerability {unknown}
 r - a scroll of poison {unknown}
 s - a scroll of amnesia {unknown}
 t - a scroll of teleportation {unknown}
 v - a scroll of enchant armour {unknown}
 w - a scroll of magic mapping {unknown}
 x - a scroll of brand weapon {unknown}
Potions
 f - a potion of invisibility {unknown}
 g - a potion of brilliance
 l - a potion of resistance {unknown}
 m - 2 potions of might
 n - a potion of flight {unknown}
 o - a potion of haste {unknown}
 u - a potion of degeneration {unknown}


   Skills:
 + Level 5.5 Fighting
 + Level 3.0 Short Blades
 + Level 3.0 Long Blades
 + Level 3.0 Axes
 + Level 3.0 Maces & Flails
 + Level 3.0 Polearms
 + Level 3.0 Staves
 + Level 9.1 Ranged Weapons
 + Level 3.0 Throwing
 + Level 3.0 Armour
 + Level 5.5 Dodging
 + Level 3.8 Stealth
 + Level 3.0 Shields
 + Level 3.0 Unarmed Combat
 + Level 3.0 Spellcasting
 + Level 2.4 Conjurations
 + Level 2.4 Hexes
 + Level 2.4 Summonings
 + Level 2.4 Necromancy
 + Level 2.4 Translocations
 + Level 2.4 Transmutations
 + Level 2.4 Fire Magic
 + Level 2.4 Ice Magic
 + Level 2.4 Air Magic
 + Level 2.4 Earth Magic
 + Level 2.4 Poison Magic
 + Level 3.2 Invocations
 + Level 3.0 Evocations


You had 13 spell levels left.
You didn't know any spells.
Your spell library contained the following spells:

 Spells                   Type           Power      Damage    Failure   Level
 Ensorcelled Hibernation  Hex/Ice        14%        N/A       24%         2
 Passwall                 Tmut/Erth      5%         N/A       24%         2
 Portal Projectile        Hex/Tloc       14%        N/A       43%         3
 Swiftness                Air            7%         N/A       43%         3
 Blade Hands              Tmut           3%         N/A       99%         5
 Tukima's Dance           Hex            Unusable   N/A       N/A         3

Dungeon Overview and Level Annotations

Branches:
Dungeon (5/15)
 Temple: D:4-7

Altars:
Cheibriados
Gozag
Nemelex Xobeh
Okawaru
Sif Muna
Yredelemnul
The Shining One

Shops:
D:4 ?


Innate Abilities, Weirdness & Mutations

You have very sharp teeth.
Your uncanny sense of smell can sniff out nearby items.
Your experience applies equally to all skills.


Message History

Your Armour skill increases to level 3!
Your Shields skill increases to level 3!
Your Unarmed Combat skill increases to level 3!
Your Spellcasting skill increases to level 3!
Your Evocations skill increases to level 3!
You have reached level 8!
You feel agile.
Unknown command.
Fire: a) +0 shortbow
Press: ? - help, Q - select action, (/) - cycle Shift-Dir - straight line, f/p - orc priest
Aim: an orc priest, wielding a +0 falchion and wearing a +0 leather armour (67% to hit)
You shoot an arrow. The arrow barely misses the shadow imp.
The arrow hits the orc but does no damage.
The shadow imp gestures at you. Pain shoots through your body!
* * * LOW HITPOINT WARNING * * *
An orc comes into view. It is wielding a +0 war axe.
Okay, then.
Okay, then.
It was a potion of brilliance.
You feel clever all of a sudden. The shadow imp hits you.
* * * LOW HITPOINT WARNING * * *
Do you really want to go berserk while wielding your +0 shortbow?
A red film seems to cover your vision as you go berserk!
You feel yourself moving faster!
You feel mighty! The shadow imp hits you.
* * * LOW HITPOINT WARNING * * *
You feel a strong urge to attack something.
The shadow imp lashes its tail.
You feel your anger nearly subside.
You are no longer berserk.
You are exhausted.
You feel yourself slow down. The shadow imp closely misses you.
The orc attacks as you move away! The orc hits you with a +0 club.
* * * LOW HITPOINT WARNING * * *
The shadow imp attacks as you move away!
The shadow imp hits you but does no damage.
The shadow imp gestures at you. Pain shoots through your body!
You die...

#.......### #.#.......#
###..._..._.##
######............#
#....#.......⌠.._.#
#####....#............# # #
#........#....._.....## .#.#
#........#......5_.o.# oo..#
#........#....@#o..#.####oO....
#(.............+..o..5h.)..o...
#....#+###.....##########.oo...
#....†.# #.....# h...# #....###
#..)..# ...# #....###########
... #.........# ..
###.........# . #..>.#......#


You could see an orc priest and a shadow imp.

Vanquished Creatures
  A water moccasin (D:5)
  A black bear (D:4)
  An ice beast (D:4)
  A phantom (D:4)
  4 scorpions
  2 iguanas
  An orc wizard (D:5)
  8 adders
  2 white imps (D:5)
  2 worms
  2 dart slugs
  7 orcs
  6 ball pythons
  4 endoplasms
  2 giant cockroaches
  9 hobgoblins
  10 jackals
  2 kobolds (D:2)
  6 quokkas
  8 bats
  3 frilled lizards
  3 rats
85 creatures vanquished.

Notes
Turn   | Place    | Note
-------+----------+-------------------------------------------
     0 | D:1      | ASSMAN the Gnoll Hunter began the quest for the Orb.
     0 | D:1      | Reached XP level 1. HP: 20/20 MP: 1/1
   289 | D:1      | Reached XP level 2. HP: 26/26 MP: 2/2
   790 | D:2      | Reached XP level 3. HP: 31/31 MP: 3/3
   823 | D:2      | Reached skill level 1 in Invocations
   872 | D:2      | Reached skill level 1 in Short Blades
   872 | D:2      | Reached skill level 1 in Long Blades
   872 | D:2      | Reached skill level 1 in Axes
   872 | D:2      | Reached skill level 1 in Maces & Flails
   872 | D:2      | Reached skill level 1 in Polearms
   872 | D:2      | Reached skill level 1 in Staves
   872 | D:2      | Reached skill level 1 in Throwing
   872 | D:2      | Reached skill level 1 in Armour
   872 | D:2      | Reached skill level 1 in Shields
   872 | D:2      | Reached skill level 1 in Unarmed Combat
   872 | D:2      | Reached skill level 1 in Spellcasting
   872 | D:2      | Reached skill level 1 in Evocations
  1083 | D:2      | Reached XP level 4. HP: 38/38 MP: 5/5
  1149 | D:2      | Reached skill level 1 in Conjurations
  1149 | D:2      | Reached skill level 1 in Hexes
  1149 | D:2      | Reached skill level 1 in Summonings
  1149 | D:2      | Reached skill level 1 in Necromancy
  1149 | D:2      | Reached skill level 1 in Translocations
  1149 | D:2      | Reached skill level 1 in Transmutations
  1149 | D:2      | Reached skill level 1 in Fire Magic
  1149 | D:2      | Reached skill level 1 in Ice Magic
  1149 | D:2      | Reached skill level 1 in Air Magic
  1149 | D:2      | Reached skill level 1 in Earth Magic
  1149 | D:2      | Reached skill level 1 in Poison Magic
  1421 | D:3      | Found an iron altar of Okawaru.
  1433 | D:3      | Became a worshipper of Warmaster Okawaru
  1484 | D:3      | Identified the amulet of Sipla {Spirit rC- rN+ Str+3 Dex+3}
  1486 | D:3      | Reached XP level 5. HP: 35/43 MP: 7/7
  1656 | D:3      | Found a glowing golden altar of the Shining One.
  2085 | D:4      | Noticed a phantom
  2093 | D:4      | Killed a phantom
  2127 | D:4      | Reached skill level 5 in Fighting
  2127 | D:4      | Reached skill level 5 in Dodging
  2127 | D:4      | Reached XP level 6. HP: 44/51 MP: 8/8
  2184 | D:4      | Noticed an ice beast
  2206 | D:4      | Killed an ice beast
  2206 | D:4      | Reached * piety under Okawaru
  2338 | D:4      | Noticed a black bear
  2352 | D:4      | Killed a black bear
  2353 | D:4      | Reached XP level 7. HP: 46/56 MP: 10/10
  2452 | D:4      | Found Goenkuad's Magic Scroll Boutique.
  2725 | D:5      | Entered Level 5 of the Dungeon
  3135 | D:5      | Reached skill level 9 in Ranged Weapons
  3140 | D:5      | Found an opulent altar of Gozag.
  3141 | D:5      | Found a basalt altar of Yredelemnul.
  3142 | D:5      | Found a sparkling altar of Nemelex Xobeh.
  3144 | D:5      | Found a snail-covered altar of Cheibriados.
  3145 | D:5      | Found a shimmering blue altar of Sif Muna.
  3200 | D:5      | Reached XP level 8. HP: 19/63 MP: 10/12
  3201 | D:5      | HP: 3/63 [shadow imp (3)]
  3210 | D:5      | HP: 2/63 [orc/+0 club (2)]
  3211 | D:5      | Killed from afar by a shadow imp

Illustrated notes

Levels and vault maps discovered:
D:1:      dpeg_arrival_circle_labyrinth_a, layout_basic, dk_noncrumbling_2
D:2:      layout_rooms, minmay_tromino_i2
D:3:      layout_loops_ring, tso_oasis_becter,
          mainiacjoe_overflow_six_doors_small
D:4:      layout_cave_pools, serial_shops, shop_scrolls,
          hangedman_abyss_or_decor_lesser_grid, minivault_26
D:5:      lemuel_insect_pit, layout_basic, grunt_temple_overflow_open,
          zin_treasury, minmay_starry_boxes

Skill      XL: |  1  2  3  4  5  6  7 |
---------------+----------------------+-----
Invocations    | 1 2 3 |  3.2
Short Blades   | 1 2 3 |  3.0
Long Blades    | 1 2 3 |  3.0
Axes           | 1 2 3 |  3.0
Maces & Flails | 1 2 3 |  3.0
Polearms       | 1 2 3 |  3.0
Staves         | 1 2 3 |  3.0
Throwing       | 1 2 3 |  3.0
Armour         | 1 2 3 |  3.0
Shields        | 1 2 3 |  3.0
Unarmed Combat | 1 2 3 |  3.0
Spellcasting   | 1 2 3 |  3.0
Evocations     | 1 2 3 |  3.0
Conjurations   | 1 2 |  2.4
Hexes          | 1 2 |  2.4
Summonings     | 1 2 |  2.4
Necromancy     | 1 2 |  2.4
Translocations | 1 2 |  2.4
Transmutations | 1 2 |  2.4
Fire Magic     | 1 2 |  2.4
Ice Magic      | 1 2 |  2.4
Air Magic      | 1 2 |  2.4
Earth Magic    | 1 2 |  2.4
Poison Magic   | 1 2 |  2.4
Fighting       | 5 |  5.5
Dodging        | 5 |  5.5
Stealth        | 3 |  3.8
Ranged Weapons | 9 |  9.1

Action                     |  1- 3 |  4- 6 |  7- 9 || total
---------------------------+-------+-------+-------++-------
   Fire: Shortbow          |   105 |   131 |    82 ||   318
 Invoke: Heroism           |       |       |     1 ||     1
    Use: Scroll            |       |     4 |     1 ||     5
         Potion            |       |       |     2 ||     2
 Armour: Leather armour    |     8 |    19 |     4 ||    31
  Dodge: Dodged            |    34 |    61 |    23 ||   118

Table legend: (Time is in decaauts)
 A = Elapsed time spent in this place.
 B = Non-inter-level travel time spent in this place.
 C = Inter-level travel time spent in this place.
 D = Time resting spent in this place.
 E = Time spent auto-exploring this place.
 F = Levels seen in this place.
 G = Mean time per level.
                   A        B        C        D        E       F      G
               +--------+--------+--------+--------+--------+-----+--------+
         Total |   3240 |   3119 |    121 |      0 |   2597 |   5 |  648.0 |
       Dungeon |   3240 |   3119 |    121 |      0 |   2597 |   5 |  648.0 |
               +--------+--------+--------+--------+--------+-----+--------+

Top non-repeatable levels by time:
     D:1: 772 daAuts
     D:4: 744 daAuts
     D:3: 711 daAuts
     D:2: 524 daAuts
     D:5: 487 daAuts
